 Dungeon Crawl Stone Soup version 0.30-b1-2-g02819fbbbe (webtiles) character file.

Game seed: 5039069534173733756

704 Ashen the Chopper (level 7, -1/94 HPs)
             Began as a Hill Orc Monk on June 25, 2023.
             Slain by a water moccasin (4 damage)
             ... on level 5 of the Dungeon.
             The game lasted 00:09:29 (4403 turns).

Ashen the Chopper (Hill Orc Monk)                   Turns: 4403, Time: 00:09:29

Health: -1/94      AC:  3    Str: 16    XL:     7   Next: 66%
Magic:  7/7        EV: 13    Int: 10    God:
Gold:   426        SH:  0    Dex: 13    Spells: 6/6 levels left

rFire   + . .        D - +0 war axe
rCold   + . .        d - orb {light}
rNeg    . . .        C - +0 leather armour
rPois   +            (helmet restricted)
rElec   +            h - +0 cloak
rCorr   +            (no gloves)
SInv    .            (no boots)
Will    .....        (no amulet) Stlth
                     (no ring)
HPRegen 0.35/turn    (no ring)
MPRegen 0.10/turn

%: no passive effects
@: mighty, berserking, lethally poisoned (-1 -> -4), resistant, attractive,
glowing, invisible (but backlit and visible), very quick
A: horns 1, talons 1, camouflage 1, deformed body
a: no special abilities


You were on level 5 of the Dungeon.
You visited 2 branches of the dungeon, and saw 6 of its levels.

You collected 426 gold pieces.

Inventory:

Hand Weapons
 a - a +0 hand axe
 p - a +0 dagger of venom
 D - a +0 war axe (weapon)
Armour
 b - a +0 robe
 d - an orb of light (worn)
 h - a +0 cloak (worn)
 y - the +0 helmet "Yrhups" {rF+ Str+3}
   (You found it on level 5 of the Dungeon)

   Str:       It affects your strength (+3).
   rF:        It protects you from fire.
 C - a +0 leather armour (worn)
Jewellery
 F - a ring of protection from fire
Wands
 t - a wand of flame (14)
 E - a wand of roots (5)
Scrolls
 g - a scroll of immolation {unknown}
 i - 6 scrolls of identify {unknown}
 j - 3 scrolls of teleportation {unknown}
 l - 4 scrolls of noise {unknown}
 n - 2 scrolls of magic mapping {unknown}
 o - a scroll of torment {unknown}
 q - 2 scrolls of enchant weapon {unknown}
 u - 2 scrolls of blinking {unknown}
 v - 2 scrolls of butterflies {unknown}
 w - 4 scrolls of fog {unknown}
Potions
 c - a potion of ambrosia
 e - a potion of might
 k - a potion of haste {unknown}
 m - a potion of mutation
 r - a potion of brilliance {unknown}
 s - 2 potions of invisibility
 x - a potion of heal wounds {unknown}
 z - 2 potions of attraction
 A - a potion of resistance
 B - a potion of cancellation {unknown}


   Skills:
 + Level 6.0 Fighting
 + Level 6.6 Axes
 + Level 4.2 Armour
 + Level 4.1 Dodging


You had 6 spell levels left.
You didn't know any spells.
Your spell library contained the following spells:

 Spells                   Type           Power      Damage    Failure   Level
 Call Canine Familiar     Summ           0%         N/A       80%         3
 Portal Projectile        Hex/Tloc       0%         N/A       80%         3
 Animate Dead             Necr           0%         N/A       99%         4
 Leda's Liquefaction      Hex/Erth       0%         N/A       99%         4
 Borgnjor's Vile Clutch   Necr/Erth      0%         N/A       100%        5
 Death Channel            Necr           0%         N/A       100%        6


Dungeon Overview and Level Annotations

Branches:
Dungeon (5/15)             Temple (1/1) D:5

Altars:
Ashenzari
Gozag
Okawaru
Qazlal
Ru
Sif Muna
Xom
Yredelemnul
The Shining One


Innate Abilities, Weirdness & Mutations

You have a pair of small horns on your head.
You have sharp toenails.
Your skin changes colour to match your surroundings (Stealth+).
Armour fits poorly on your strangely shaped body.


Message History

You feel very sick. The water moccasin bites you.
You are more poisoned.
The water moccasin poisons you! The water moccasin closely misses you.
You barely miss the water moccasin.
The water moccasin is heavily wounded.
You feel very sick. The water moccasin bites you! The water moccasin bites you.
It was a potion of attraction.
You feel attractive to monsters.
You feel very sick. The water moccasin closely misses you.
It was a potion of resistance.
You feel protected.
You feel very sick. The water moccasin bites you.
* * * LOW HITPOINT WARNING * * *
It was a potion of invisibility.
You become transparent, but the glow from your halo prevents you from becoming completely invisible.
You feel sick. The water moccasin barely misses you.
The water moccasin bites you.
* * * LOW HITPOINT WARNING * * *
It was a potion of mutation.
You feel extremely strange.
Your body twists and deforms.
A pair of horns grows on your head!
The +0 helmet "Yrhups" {rF+ Str+3} falls away!
Your toenails lengthen and sharpen.
Your skin functions as natural camouflage.
You feel sick. The water moccasin bites you.
* * * LOW HITPOINT WARNING * * *
It was a potion of might.
You feel very mighty all of a sudden.
* * * LOW HITPOINT WARNING * * *
You feel sick. The water moccasin closely misses you.
The water moccasin completely misses you.
It was a potion of berserk rage.
A red film seems to cover your vision as you go berserk!
You feel yourself moving faster!
You feel mighty!
* * * LOW HITPOINT WARNING * * *
You feel sick. The water moccasin bites you.
You die...

#.####.##.#...#.#
#.......#
#.####.##.#...#.#
####.#### ###
##......##.##.##.####
#.# #.. ...#######....
.....# #.# #.# #### ###.
#.# #.# #.. ....
###.####.######.#
#.##..##............##.#
.........#.##.##.##.....
......S@##>##.##.#####..
..##$......#..##.# #.#
#.##.##.#.###.# #.. ..
#.##.#.###.# ### #.#
#.##.......# #
..####.##### ..# #.#
...# ... ... #..##


You could see a water moccasin.

Vanquished Creatures
  An ice beast (D:5)
  A centaur (D:5)
  A scorpion (D:5)
  A hound (D:4)
  A gnoll bouda (D:5)
  4 iguanas
  A sleepcap (D:5)
  Natasha (thrice) (D:3)
  9 gnolls
  5 adders
  A worm (D:4)
  2 orcs
  7 ball pythons
  11 endoplasms
  A giant cockroach (D:1)
  9 hobgoblins
  10 jackals
  4 quokkas
  2 bats
  4 frilled lizards
  8 goblins
  4 kobolds
  4 rats
94 creatures vanquished.

Notes
Turn   | Place    | Note
-------+----------+-------------------------------------------
     0 | D:1      | Ashen the Hill Orc Monk began the quest for the Orb.
     0 | D:1      | Reached XP level 1. HP: 19/19 MP: 1/1
   184 | D:1      | Reached XP level 2. HP: 27/27 MP: 2/2
   412 | D:1      | Reached skill level 1 in Armour
   588 | D:1      | Reached XP level 3. HP: 21/33 MP: 3/3
   774 | D:2      | Reached XP level 4. HP: 27/40 MP: 4/4
  1563 | D:3      | Noticed Natasha
  1568 | D:3      | Killed Natasha
  1569 | D:3      | Reached skill level 5 in Axes
  1569 | D:3      | Reached XP level 5. HP: 40/47 MP: 5/5
  1614 | D:3      | Noticed Natasha
  1625 | D:3      | Killed Natasha
  1774 | D:3      | Noticed Natasha
  1784 | D:3      | Killed Natasha
  2337 | D:3      | Reached skill level 5 in Fighting
  2337 | D:3      | Reached XP level 6. HP: 11/56 MP: 6/6
  2846 | D:4      | Found an opulent altar of Gozag.
  2930 | D:5      | Entered Level 5 of the Dungeon
  2930 | D:5      | Noticed an ice beast
  3359 | D:5      | Identified the +0 helmet "Yrhups" {rF+ Str+3}
  3375 | D:5      | Found a staircase to the Ecumenical Temple.
  3400 | Temple   | Entered the Ecumenical Temple
  3549 | D:5      | Reached XP level 7. HP: 56/61 MP: 7/7
  4401 | D:5      | Gained mutation: Armour fits poorly on your strangely
                  | shaped body. [potion of mutation]
  4401 | D:5      | Gained mutation: You have a pair of small horns on your
                  | head. [potion of mutation]
  4401 | D:5      | Gained mutation: You have sharp toenails. [potion of
                  | mutation]
  4401 | D:5      | Gained mutation: Your skin changes colour to match your
                  | surroundings (Stealth+). [potion of mutation]
  4402 | D:5      | HP: 3/63 [poisoned by a water moccasin]
  4403 | D:5      | Slain by a water moccasin

Illustrated notes

Levels and vault maps discovered:
D:1:      dreamdust_arrival_beginning_and_end, layout_rooms,
          nicolae_concentric_dashed_squares_mild
D:2:      layout_loops_ring, minmay_bisected
D:3:      layout_rooms, uniq_natasha
D:4:      layout_rooms, grunt_gozag_breadcrumbs, minmay_misc_feat_roman,
          minmay_misc_feat_more_columns, skrybe_limestone_x
D:5:      layout_loops_cross, minmay_temple_entry_statues_fountains,
          amcnicky_mini_corridor_feature, kennysheep_generic_room_12,
          uniq_menkaure
Temple:   hellmonk_temple_of_storms

Skill      XL: |  1  2  3  4  5  6  7 |
---------------+----------------------+-----
Fighting       | 4 5 6 |  6.0
Armour         | 1 2 3 4 |  4.2
Dodging        | 3 4 |  4.1
Axes           | 5 6 |  6.6

Action                     |  1- 3 |  4- 6 |  7- 9 || total
---------------------------+-------+-------+-------++-------
  Melee: Hand axe          |    88 |    27 |       ||   115
         Dagger            |       |   166 |    50 ||   216
         War axe           |       |       |    17 ||    17
    Use: Potion            |       |       |     6 ||     6
 Armour: Robe              |    26 |    33 |       ||    59
         Leather armour    |       |     1 |    16 ||    17
  Dodge: Dodged            |    57 |   138 |    61 ||   256
